 Dungeon Crawl Stone Soup version 0.24-a0-417-g1cce26a4d2 (webtiles) character file.

Game seed: 10178817324152268047

70 Edwin the Shield-Bearer (level 4, 0/37 HPs)
             Began as a Formicid Fighter on June 11, 2019.
             Slain by an orc priest
             ... wielding a +0 short sword
              (5 damage)
             ... on level 2 of the Dungeon.
             The game lasted 00:03:30 (2002 turns).

Edwin the Shield-Bearer (Formicid Fighter)          Turns: 2002, Time: 00:03:31

Health: 0/37       AC:  7    Str: 22    XL:     4   Next: 45%
Magic:  4/4        EV:  8    Int:  7    God:
Gold:   158        SH:  9    Dex: 10    Spells: 3/3 levels left

rFire    . . .     SeeInvis +   a - +0 flail
rCold    . . .     Gourm    .   c - +0 shield
rNeg     . . .     Faith    .   b - +0 scale mail
rPois    .         Spirit   .   (helmet unavailable)
rElec    .         Reflect  .   (no cloak)
rCorr    .         Harm     .   (no gloves)
MR       .....                  (no boots)
Stlth    ..........             (no amulet)
HPRegen  0.12/turn              l - ring of attention (curse)
MPRegen  0.09/turn              (no ring)

@: no status effects
A: permanent stasis, dig shafts and tunnels, four strong arms, antennae 3
a: Dig, Shaft Self


You were on level 2 of the Dungeon.
You were hungry.

You visited 1 branch of the dungeon, and saw 3 of its levels.

You collected 158 gold pieces.

Inventory:

Hand Weapons
 a - a +0 flail (weapon)
 m - a cursed +0 dagger
Armour
 b - a +0 scale mail (worn)
 c - a +0 shield (worn)
Jewellery
 l - a cursed ring of attention (left hand)
Scrolls
 e - a scroll of enchant weapon {unknown}
 k - a scroll of noise {unknown}
 p - a scroll of identify
Potions
 d - a potion of might
 g - a potion of heal wounds
 h - a potion of agility {unknown}
 i - a potion of invisibility {unknown}
 n - a potion of brilliance {unknown}
 o - a potion of ambrosia {unknown}
 q - a potion of degeneration {unknown}
 r - 2 potions of curing {unknown}
Comestibles
 f - 3 rations


   Skills:
 + Level 4.0 Fighting
 + Level 2.7 Maces & Flails
 + Level 3.9 Armour
 + Level 4.3 Shields


You had 3 spell levels left.
You didn't know any spells.
Your spell library was empty.

Dungeon Overview and Level Annotations

Branches:
Dungeon (3/15)

Altars:


Innate Abilities, Weirdness & Mutations

You cannot be hasted, slowed, berserked, paralysed or teleported.
You can dig through walls and to a lower floor.
Your four strong arms can wield two-handed weapons with a shield.
You have a pair of large antennae on your head. (SInv)


Message History

You hit the orc priest.
The orc priest is moderately wounded.
The orc priest begins to cast a cantrip, but forgets the words!
You completely miss the orc priest.
The orc priest is moderately wounded.
The orc priest hits you but does no damage.
You closely miss the orc priest.
The orc priest is moderately wounded.
The orc priest completely misses you. You block the orc priest's attack.
You hit the orc priest.
The orc priest is heavily wounded.
The orc priest barely misses you.
You closely miss the orc priest.
The orc priest is heavily wounded.
The orc priest hits you but does no damage.
You hit the orc priest.
The orc priest is heavily wounded.
You block the orc priest's attack.
The orc priest hits you with a +0 short sword.
You die...

#.........#
####.####.# #......#
#####..# # #..# #
#..# # #..#
##################..#
................@o..#
##########..######.##
# #..# #.#
##########.)# #.#
............# #.#
##########..# #.#
......####..# #.#
#####.......######.#
# ######.........#


You could see an orc priest.

Vanquished Creatures
  2 adders (D:2)
  An ooze (D:1)
  2 worms (D:2)
  A leopard gecko (D:2)
  5 bats (D:2)
  6 goblins
  8 hobgoblins
  4 jackals (D:1)
  2 quokkas (D:2)
  2 frilled lizards
  4 kobolds
  A rat (D:1)
38 creatures vanquished.

Notes
Turn   | Place    | Note
-------+----------+-------------------------------------------
     0 | D:1      | Edwin the Formicid Fighter began the quest for the Orb.
     0 | D:1      | Reached XP level 1. HP: 18/18 MP: 1/1
    91 | D:1      | Reached XP level 2. HP: 21/24 MP: 2/2
   409 | D:1      | Reached XP level 3. HP: 29/29 MP: 3/3
  1288 | D:2      | Reached XP level 4. HP: 22/37 MP: 4/4
  2002 | D:2      | Slain by an orc priest

Levels and vault maps discovered:
D:1:      dpeg_arrival_tiny_f, layout_loops_corners, kennysheep_crisscross
D:2:      layout_loops_ring, first_ration, kennysheep_generic_room_12
D:3:      layout_basic, uniq_grinder

Skill      XL: |  1  2  3  4 |
---------------+-------------+-----
Shields        | 4 |  4.3
Fighting       | 4 |  4.0
Maces & Flails | |  2.7
Armour         | |  3.9

Action                   |  1- 3 |  4- 6 || total
-------------------------+-------+-------++-------
Melee: Flail             |   133 |    52 ||   185
  Use: Scroll            |     4 |       ||     4
  Eat: Chunk             |     1 |     2 ||     3
Armor: Scale mail        |    54 |    17 ||    71
Dodge: Dodged            |    49 |    22 ||    71
Block: Shield            |    82 |    23 ||   105

Table legend:
 A = Non-vault XP
 B = Vault XP
 C = Vault XP percentage of total XP
 D = Non-vault monster count
 E = Vault monster count
 F = Vault count percentage of total count
                 A         B        C        D         E       F
            +---------+---------+-------+---------+---------+-------
      Total |      99 |       2 |   2.0 |      36 |       2 |   5.3
            +---------+---------+-------+---------+---------+-------
        D:1 |      38 |       0 |   0.0 |      18 |       0 |   0.0
        D:2 |      61 |       2 |   3.2 |      18 |       2 |  10.0
            +---------+---------+-------+---------+---------+-------
